Map: Acropolis LE

Players

Mez

  • Race: Terran Terran
  • League: Master
  • Spawn Location: 5:00

A.I. 1 (Very Easy) - Winner!

  • Race: Terran Terran
  • Spawn Location: 11:00

VOD

Have the link to the VOD?

Description

Time

  • Played on: Aug. 25, 2019, 11:47 p.m.
  • Length: 7:31
Show
View Real Time Build Order
Export as new Build Order

Mez Terran 

Build Orders: Reaper Expand 

Get SALT Encoding   

  12  0:01  SCV  
  13  0:13  SCV  
  14  0:17  Supply Depot  
  14  0:25  SCV  
  15  0:39  SCV  
  15  0:40  Barracks  
  16  0:45  Refinery  
  16  0:51  SCV  
  17  1:04  SCV  
  18  1:16  SCV  
  19  1:28  Reaper  
  19  1:29  Orbital Command  
  20  1:39  Command Center  
  20  1:48  Supply Depot  
  20  1:55  SCV  
  20  2:00  Marine  
  22  2:07  SCV  
  23  2:11  Factory  
  23  2:17  Refinery  
  23  2:20  SCV  
  24  2:23  Barracks Reactor  
  24  2:33  SCV  
  25  2:46  SCV  
  25  2:48  Refinery  
  26  2:52  Orbital Command  
  26  2:57  Starport  
  26  3:03  Hellion x2  
  26  3:05  SCV  
  31  3:23  SCV x2  
  33  3:27  Hellion x2  
  37  3:35  SCV x2, Starport Tech Lab  
  37  3:36  Refinery  
  37  3:38  Fusion Core  
  39  3:47  Starport  
  39  3:56  SCV  
  39  3:57  SCV  
  41  4:05  Barracks Tech Lab  
  41  4:07  Hellion x2  
  41  4:09  SCV  
  46  4:17  Supply Depot  
  46  4:38  Battlecruiser  
  52  4:47  Supply Depot  
  52  4:53  Supply Depot  
  52  4:54  SCV x2  
  54  5:09  SCV x2, Battlecruiser  
  62  5:17  Supply Depot  
  62  5:19  Supply Depot  
  62  5:21  SCV x2, Weapon Refit  
  64  5:31  Hellion x2  
  64  5:33  SCV x2  
  70  5:48  Battlecruiser  
  75  5:50  SCV x2  
  77  6:03  SCV x2  
  79  6:13  Battlecruiser  
  85  6:20  SCV  
Show
View Real Time Build Order
Export as new Build Order

A.I. 1 (Very Easy) Terran - Winner!

Build Orders:  

Get SALT Encoding   

  12  0:00  SCV  
  13  0:13  SCV  
  14  0:18  Supply Depot  
  14  0:37  Refinery  
  14  0:42  Barracks  
  14  1:03  Supply Depot  
  14  1:12  Refinery  
  14  1:29  Marine  
  14  1:30  Orbital Command  
  15  1:49  Barracks Tech Lab  
  15  1:55  SCV  
  16  2:07  SCV  
  17  2:16  Marine  
  17  2:20  SCV  
  19  2:32  SCV  
  20  2:44  SCV  
  21  2:56  SCV  
  22  3:03  Marauder  
  24  6:21  Marine  
  24  6:22  SCV  
  21  6:25  Supply Depot  
  13  6:34  SCV  
  10  6:46  SCV  
  6  6:50  Marauder  
  6  6:58  SCV  
  6  7:07  Command Center  
  6  7:10  SCV  
  6  7:27  Supply Depot  
Tags
 
League
Master
Matchup
TvT
Race
Terran
Replay Pack
Spawningtool_Mez
Spawn Locations
Cross Positions
Add a new tag
Caveats
  • Supply blocks, unpowered buildings, or Contaminate may cause inaccurate times.
  • Supply counts are checked every 10 seconds.